 Dungeon Crawl Stone Soup version 0.24.0-125-gc4c63601f3 (webtiles) character file.

Game seed: 7169649202822428118, levelgen mode: deterministic

942 Frank2 the Cudgeler (level 7, -6/53 HPs)
             Began as a Demonspawn Gladiator on Mar 15, 2020.
             Mangled by an orc warrior
             ... wielding a +0 trident
              (14 damage)
             ... on level 6 of the Dungeon.
             The game lasted 00:07:11 (4633 turns).

Frank2 the Cudgeler (Demonspawn Gladiator)          Turns: 4633, Time: 00:07:12

Health: -6/53      AC: 17    Str: 20    XL:     7   Next: 88%
Magic:  7/7        EV: 13    Int:  9    God:
Gold:   221        SH:  0    Dex: 16    Spells: 6/6 levels left

rFire    . . .     SeeInvis .   k - +0 morningstar
rCold    . . .     Gourm    .   (no shield)
rNeg     + . .     Faith    .   j - +0 ring mail
rPois    .         Spirit   .   o - +2 helmet
rElec    .         Reflect  .   c - +2 cloak {MR+}
rCorr    +         Harm     +   (no gloves)
MR       +....                  (no boots)
Stlth    +.........             h - amulet of harm
HPRegen  0.17/turn              n - ring of Baurr {rN+ rCorr Str+5}
MPRegen  0.10/turn              (no ring)

@: lethally poisoned (-6 -> -8), sanguine armour
A: hooves 2, powered by death 1, sanguine armour 1
a: no special abilities


You were on level 6 of the Dungeon.
You were not hungry.

You visited 1 branch of the dungeon, and saw 6 of its levels.

You collected 221 gold pieces.

Inventory:

Hand Weapons
 a - a +0 flail
 k - a +0 morningstar (weapon)
Missiles
 d - 2 throwing nets (quivered)
Armour
 c - a +2 cloak of magic resistance (worn)
 j - a +0 ring mail (worn)
 o - a +2 helmet (worn)
 r - a cursed -1 plate armour
Jewellery
 h - an amulet of harm (around neck)
 n - the ring of Baurr (left hand) {rN+ rCorr Str+5}
   (You found it on level 5 of the Dungeon)

   [ring of resist corrosion]

   It affects your strength (+5).
   It protects you from negative energy.
   It provides partial protection from all sources of acid and corrosion.
Wands
 m - a wand of polymorph (10)
Scrolls
 b - a scroll of teleportation
 g - 3 scrolls of identify
 l - a scroll of blinking
Potions
 e - a potion of degeneration {unknown}
 i - a potion of heal wounds
 q - a potion of curing
Comestibles
 f - 10 rations
 p - 11 chunks of flesh


   Skills:
 + Level 3.7 Fighting
 * Level 6.9 Maces & Flails
 - Level 1.7 Throwing
 + Level 3.0 Armour
 + Level 3.9 Dodging


You had 6 spell levels left.
You didn't know any spells.
Your spell library was empty.

Dungeon Overview and Level Annotations

Branches:
Dungeon (6/15)             Temple (0/1) D:5

Altars:
Ashenzari
Dithmenos
Gozag
Hepliaklqana
Okawaru

Annotations:
D:4 3 runed translucent doors, thethe's ghost, amateur DEWz
D:5 exclusion: oklob sapling


Innate Abilities, Weirdness & Mutations

You have hoof-like feet.
You regenerate a little health from kills.
When seriously injured, your bleeding wounds create armour. (AC +6)


Message History

The orc priest hits you with a +0 dagger of venom.
You are poisoned.
The orc wizard shouts!
You hit the orc priest but do no damage.
Your kick misses the orc priest.
You feel sick.
You hear a shout!
You hear an angry hiss.
The orc priest calls down the wrath of Beogh upon you.
Pain shoots through your body!
The orc warrior hits you from afar with a +0 trident!
Your blood congeals into armour.
You closely miss the orc priest. Your kick misses the orc priest.
You feel sick.
The orc priest hits you with a +0 dagger of venom.
The orc warrior hits you from afar with a +0 trident!
* * * LOW HITPOINT WARNING * * *
You barely miss the orc priest. Your kick misses the orc priest.
The orc priest hits you but does no damage.
An adder comes into view.
The orc warrior hits you from afar with a +0 trident!
You die... ...###.. ..... ..##... #... ##### .....
S.Y. .#.#. #oo

# ...... #o# .#
.#.#. #@##.### .
....
.##.###......#..
#.#.
.........#...... .
## ..#.####.##.....
. #...#............
###.#.# ..........#
#...#.# ...........
#.#.#.###..#......#
#.................#


You could see an orc warrior, an ice beast, an orc priest, an orc wizard and an
adder.

Vanquished Creatures
  An ice beast (D:5)
  A centaur (D:5)
  An ogre (D:4)
  A scorpion (D:4)
  A jelly (D:5)
  A centaur zombie (D:5)
  A crimson imp (D:5)
  2 bullfrog skeletons
  3 hounds
  An orc priest (D:5)
  Crazy Yiuf (D:2)
  An iguana (D:5)
  3 worker ants
  Robin (D:2)
  A gnoll (D:2)
  4 adders
  A shadow imp (D:6)
  An ooze (D:1)
  4 worms
  4 dart slugs
  4 leopard geckos
  16 orcs
  A giant cockroach (D:3)
  16 goblins
  17 hobgoblins
  15 jackals
  14 kobolds
  2 quokkas (D:2)
  5 bats
  4 frilled lizards
  8 rats
136 creatures vanquished.

Notes
Turn   | Place    | Note
-------+----------+-------------------------------------------
     0 | D:1      | Frank2 the Demonspawn Gladiator began the quest for the
                  | Orb.
     0 | D:1      | Reached XP level 1. HP: 16/16 MP: 1/1
   370 | D:1      | Reached skill level 3 in Maces & Flails
   370 | D:1      | Gained mutation: You have large cloven feet. [demonic
                  | ancestry]
   370 | D:1      | Reached XP level 2. HP: 22/22 MP: 2/2
   638 | D:1      | Gained mutation: You regenerate a little health from kills.
                  | [demonic ancestry]
   638 | D:1      | Reached XP level 3. HP: 26/27 MP: 3/3
   937 | D:2      | Reached skill level 1 in Armour
   955 | D:2      | Found an iron altar of Okawaru.
  1031 | D:2      | Reached XP level 4. HP: 25/33 MP: 4/4
  1045 | D:2      | Found a shattered altar of Ashenzari.
  1282 | D:2      | Reached skill level 4 in Maces & Flails
  1497 | D:2      | Noticed Robin
  1526 | D:2      | Killed Robin
  1686 | D:2      | Found a runed translucent door.
  1687 | D:2      | Noticed Crazy Yiuf
  1978 | D:2      | Killed Crazy Yiuf
  1978 | D:2      | Gained mutation: When seriously injured, your bleeding
                  | wounds create armour. (AC +6) [demonic ancestry]
  1978 | D:2      | Reached XP level 5. HP: 39/39 MP: 5/5
  2181 | D:3      | Found a faded altar of an unknown god.
  2632 | D:3      | Found an opulent altar of Gozag.
  3065 | D:4      | Found a runed translucent gate.
  3065 | D:4      | Found a runed translucent gate.
  3065 | D:4      | Found an opulent altar of Gozag.
  3066 | D:4      | Found a runed translucent gate.
  3067 | D:4      | Noticed thethe's ghost (amateur DEWz)
  3068 | D:4      | Noticed a centaur
  3090 | D:4      | Reached skill level 5 in Maces & Flails
  3090 | D:4      | Gained mutation: You have hoof-like feet. [demonic
                  | ancestry]
  3090 | D:4      | Reached XP level 6. HP: 39/46 MP: 6/6
  3578 | D:5      | Entered Level 5 of the Dungeon
  3685 | D:5      | Reached XP level 7. HP: 52/52 MP: 7/7
  3753 | D:5      | Found a shadowy altar of Dithmenos.
  3765 | D:5      | Found a hazy altar of Hepliaklqana.
  3807 | D:5      | Found a staircase to the Ecumenical Temple.
  3897 | D:5      | Got a coiled copper ring
  3898 | D:5      | Identified the ring of Baurr {rN+ rCorr Str+5} (You found
                  | it on level 5 of the Dungeon)
  3946 | D:5      | Reached skill level 6 in Maces & Flails
  4633 | D:6      | Mangled by an orc warrior

Levels and vault maps discovered:
D:1:      eino_arrival_water_cross, layout_basic
D:2:      layout_loops_corners, ashenzari_altar_1, okawaru_altar_gauntlet_db,
          uniq_robin, uniq_crazy_yiuf_cottage
D:3:      layout_basic, chequers_ecumenical_altar_twisty, st_stairs_1,
          grunt_gozag_statues
D:4:      corexii_shack_village, layout_basic, ebering_ghost_gozag, first_ration
D:5:      layout_loops_corners, amethyst_overflow_temple_binary,
          minmay_temple_entry_oklob
D:6:      layout_basic, led_sif_book

Skill      XL: |  1  2  3  4  5  6  7 |
---------------+----------------------+-----
Maces & Flails | 3 4 5 6 |  6.9
Dodging        | 3 |  3.9
Armour         | 1 2 3 |  3.0
Fighting       | 3 |  3.7
Throwing       | |  1.7

Action                   |  1- 3 |  4- 6 |  7- 9 || total
-------------------------+-------+-------+-------++-------
Melee: Flail             |   116 |   222 |    35 ||   373
       Kick              |    12 |    58 |    27 ||    97
       Morningstar       |       |       |    35 ||    35
Throw: Throwing net      |     4 |     1 |       ||     5
  Use: Scroll            |       |     7 |     1 ||     8
       Potion            |       |     1 |       ||     1
 Stab: Held in net/web   |     1 |       |       ||     1
  Eat: Chunk             |       |     9 |     3 ||    12
Armor: Leather armour    |     8 |       |       ||     8
       Ring mail         |    44 |    93 |    18 ||   155
Dodge: Dodged            |    94 |   145 |    45 ||   284
